 Dungeon Crawl Stone Soup version 0.27.1 (webtiles) character file.

Game seed: 16347523108924682149

9 Ishikawa the Grasshopper (level 2, 0/22 HPs)
             Began as a Human Warper on Sept 3, 2021.
             Succumbed to an adder's poison
             ... on level 2 of the Dungeon.
             The game lasted 00:02:24 (744 turns).

Ishikawa the Grasshopper (Human Warper)              Turns: 744, Time: 00:02:26

Health: 0/22       AC:  3    Str: 11    XL:     2   Next: 20%
Magic:  1/5        EV: 11    Int: 13    God:
Gold:   43         SH:  0    Dex: 12    Spells: 4/5 levels left

rFire    . . .     SeeInvis .   a - +0 falchion
rCold    . . .     Faith    .   (no shield)
rNeg     . . .     Spirit   .   b - +0 leather armour
rPois    .         Reflect  .   (no helmet)
rElec    .         Harm     .   (no cloak)
rCorr    .         Rampage  .   (no gloves)
Will     .....                  (no boots)
Stlth    +.........             (no amulet)
HPRegen  0.07/turn              (no ring)
MPRegen  0.09/turn              (no ring)

@: lethally poisoned (0 -> -2), very slightly contaminated
A: no striking features
a: no special abilities


You were on level 2 of the Dungeon.
You visited 1 branch of the dungeon, and saw 2 of its levels.

You collected 43 gold pieces.

Inventory:

Hand Weapons
 a - a +0 falchion (weapon)
Missiles
 d - 5 boomerangs of dispersal (quivered)
Armour
 b - a +0 leather armour (worn)
Jewellery
 e - a ring of willpower
Scrolls
 c - a scroll of blinking
 h - a scroll of teleportation {unknown}
 i - a scroll of identify {unknown}
Potions
 f - a potion of heal wounds {unknown}
 g - a potion of magic {unknown}
 j - a potion of curing {unknown}


   Skills:
 * Level 2.0 Fighting
 * Level 2.1 Long Blades
 * Level 1.2 Throwing
 * Level 1.0 Armour
 * Level 2.1 Dodging
 * Level 2.1 Spellcasting
 * Level 3.1 Translocations


You had 4 spell levels left.
You knew the following spells:

 Your Spells              Type           Power      Damage    Failure   Level
a - Freeze                Ice            4%         1d3       32%         1

Your spell library contained the following spells:

 Spells                   Type           Power      Damage    Failure   Level
 Blink                    Tloc           N/A        N/A       14%         2
 Gell's Gravitas          Tloc           4%         N/A       28%         3
 Lesser Beckoning         Tloc           4%         N/A       28%         3
 Teleport Other           Tloc           9%         N/A       28%         3
 Frozen Ramparts          Ice            2%         1d2       69%         3
 Hailstorm                Conj/Ice       1%         3d3       97%         4
 Manifold Assault         Tloc           9%         N/A       95%         5


Dungeon Overview and Level Annotations

Branches:
Dungeon (2/15)

Altars:


Message History

Aim: an adder You freeze the adder.
The adder is lightly wounded.
The adder closely misses you.
You riposte.
You barely miss the adder.
The adder is lightly wounded.
You barely miss the adder.
The adder is lightly wounded.
The adder bites you. The adder closely misses you.
You closely miss the adder.
The adder is lightly wounded.
The adder bites you.
You are poisoned.
The adder poisons you!
You closely miss the adder.
The adder is lightly wounded.
You feel sick. The adder bites you. x2
You miss the adder.
The adder is lightly wounded.
You feel sick. The adder bites you.
* * * LOW HITPOINT WARNING * * *
Casting: Freeze (safe; 32% risk of failure)
Confirm with . or Enter, or press ? or * to list all spells.
Aiming: Freeze (safe; 32% risk of failure)
Press: ? - help, Shift-Dir - straight line, f/p - adder
Aim: an adder (lightly wounded)
You freeze the adder.
The adder is lightly wounded.
The adder seems to slow down.
* * * LOW HITPOINT WARNING * * *
You feel sick. The adder bites you but does no damage.
Your magical contamination has completely faded away.
Casting: Freeze (safe; 32% risk of failure)
Confirm with . or Enter, or press ? or * to list all spells.
Aiming: Freeze (safe; 32% risk of failure)
Press: ? - help, Shift-Dir - straight line, f/p - adder
Aim: an adder (lightly wounded, slow)
You miscast Freeze.
You are very lightly contaminated with residual magic.
Nothing appears to happen.
You die...

+#...# .....
.... ... ##..
#.. . #S###
....####@..#
.........#.#
#########.# #
#..<....#.#
#.#.###.#.#
#.#...#.#.#
#.#.###.#.#.#
#(#.#...#.#.#
#.#.#.###.#.#


You could see an adder (slow).

Vanquished Creatures
  2 bats (D:1)
  An endoplasm (D:1)
  2 goblins
  A ball python (D:1)
  A frilled lizard (D:2)
  A kobold (D:1)
8 creatures vanquished.

Notes
Turn   | Place    | Note
-------+----------+-------------------------------------------
     0 | D:1      | Ishikawa the Human Warper began the quest for the Orb.
     0 | D:1      | Reached XP level 1. HP: 16/16 MP: 3/3
   345 | D:1      | Reached XP level 2. HP: 22/22 MP: 5/5
   518 | D:1      | Learned a level 1 spell: Freeze
   743 | D:2      | HP: 1/22 [poisoned by an adder]
   744 | D:2      | Succumbed to an adder's poison

Illustrated notes

Levels and vault maps discovered:
D:1:      dpeg_arrival_shrine, layout_loops_ring, minmay_misc_feat_alley
D:2:      layout_basic

Action                   || total
-------------------------++-------
Melee: Falchion          ||    31
 Cast: Freeze            ||     3
Armor: Leather armour    ||    20
Dodge: Dodged            ||    19
       Rpst.: Falchion   ||     7
